 Dungeon Crawl Stone Soup version 0.22-a0-247-gbddf880 (webtiles) character file.

644 Borgoz the Skirmisher (level 7, 0/61 HPs)
             Began as a Hill Orc Abyssal Knight on Feb 24, 2018.
             Was a Believer of Lugonu.
             Slain by Grinder (5 damage)
             ... in a sewer.
             The game lasted 00:06:19 (4474 turns).

Borgoz the Skirmisher (Hill Orc Abyssal Knight)     Turns: 4474, Time: 00:06:19

Health: 0/61       AC:  4    Str: 15      XL:     7   Next: 52%
Magic:  10/10      EV: 12    Int: 17      God:    Lugonu [**....]
Gold:   155        SH:  0    Dex: 10 (12) Spells: 6/6 levels left

rFire    . . .     SeeInvis +   a - +1 hand axe
rCold    . . .     Gourm    .   (no shield)
rNeg     . . .     Faith    .   f - +0 leather armour
rPois    .         Spirit   .   (no helmet)
rElec    .         Reflect  .   t - +0 cloak
rCorr    .         Harm     .   (no gloves)
MR       .....                  (no boots)
Stlth    +.........             e - amulet of rage
HPRegen  0.20/turn              u - ring of see invisible
MPRegen  0.12/turn              (no ring)

@: brilliant, berserk cooldown, flying
A: no striking features
a: Depart the Abyss, Bend Space, Renounce Religion, Evoke Berserk Rage


You were in a sewer.
You worshipped Lugonu.
Lugonu was pleased with you.
You were hungry.

You visited 1 branch of the dungeon, and saw 4 of its levels.
You visited the Abyss 1 time.
You also visited: Sewer.

You collected 155 gold pieces.

Inventory:

Hand Weapons
 a - a +1 hand axe (weapon)
 b - a +2 mace of venom
Armour
 f - a +0 leather armour (worn)
 t - a +0 cloak (worn)
Jewellery
 e - an amulet of rage (around neck)
 u - a ring of see invisible (left hand)
 v - an uncursed amulet of the gourmand {unknown}
Scrolls
 d - a scroll of noise {unknown}
 g - a scroll of enchant weapon {unknown}
 h - 2 scrolls of identify {unknown}
 j - 4 scrolls of teleportation {unknown}
 k - 3 scrolls of remove curse {unknown}
 l - 2 scrolls of amnesia {unknown}
 n - 2 scrolls of enchant armour {unknown}
 o - 2 scrolls of magic mapping {unknown}
 q - a scroll of fear {unknown}
 s - a scroll of random uselessness {unknown}
Potions
 i - a potion of ambrosia {unknown}
 m - a potion of brilliance
 p - 3 potions of flight
 r - a potion of magic {unknown}
 w - a potion of heal wounds {unknown}
Comestibles
 c - 2 rations


   Skills:
 + Level 5.5 Fighting
 + Level 5.3 Axes
 + Level 4.3 Armour
 + Level 2.9 Dodging
 + Level 5.1 Invocations


You had 6 spell levels left.
You didn't know any spells.

Dungeon Overview and Level Annotations

Branches:
Dungeon (4/15)
 Temple: D:4-7

Altars:

Annotations:
Sewer Grinder


Message History

Grinder is moderately wounded.
You feel yourself speed up.
Grinder says, "Don't move a muscle."
Grinder gestures at you.
You suddenly lose the ability to move!
Grinder barely misses you. Grinder gestures at you.
Pain shoots through your body! Grinder hits you!
You writhe in agony.
Grinder hits you.
* * * LOW HITPOINT WARNING * * *
You writhe in agony.
* * * LOW HITPOINT WARNING * * *
Grinder hits you!
* * * LOW HITPOINT WARNING * * *
Grinder hits you but does no damage. x2
You can move again.
It was a potion of brilliance.
You feel clever all of a sudden. Grinder hits you.
You die...

≈ #∩# ≈ ##!## ≈ #!/§#
#########
##.§§###≈≈.+.≈≈≈≈≈≈≈
#.§...##≈..#.≈≈≈≈≈≈≈
#.≈§≈.##≈≈.#.≈≈≈≈≈≈≈
#..§..##≈..#..≈≈≈≈≈≈ #'@'#
#≈≈.#..≈≈≈≈≈≈
#######(5.###≈≈.#...≈≈≈≈≈
###...##..§..###.####.#≈###
###...§.).§.....#..≈#≈≈.≈....
#∩....≈.'..(_.§))).≈≈≈≈≈.≈≈≈≈
###...≈.'.§.....#..≈#≈≈.≈....
###...##.(§..###.####.###≈#
#######...###≈≈.#...≈≈≈≈≈
##'''###≈≈.#..≈≈≈≈≈≈


You could see Grinder.

Vanquished Creatures
  The ghost of anet the Vandal, an amateur HaWz (D:3)
  An ice beast (D:3)
  2 big kobolds (Sewer)
  A quasit (Sewer)
  Crazy Yiuf (D:3)
  4 big kobold zombies (Sewer)
  A gnoll (D:1)
  6 adders
  A shadow imp (Sewer)
  3 ufetubi (Sewer)
  An adder zombie (Sewer)
  A dart slug (D:1)
  2 leopard geckos (D:4)
  A ball python (D:3)
  6 giant cockroaches
  7 goblins
  6 hobgoblins
  21 kobolds
  7 bats
  A frilled lizard (D:3)
  A giant cockroach zombie (Sewer)
  A kobold zombie (Sewer)
  4 rats
80 creatures vanquished.

Notes
Turn   | Place    | Note
-------+----------+-------------------------------------------
     0 | Abyss:1  | Borgoz the Hill Orc Abyssal Knight began the quest for the Orb.
     0 | Abyss:1  | Reached XP level 1. HP: 19/19 MP: 2/2
    67 | Abyss:1  | Noticed a small abomination
   126 | Abyss:2  | Noticed a green death
   127 | D:1      | Escaped the Abyss
   524 | D:1      | Reached skill level 1 in Dodging
   524 | D:1      | Reached XP level 2. HP: 27/27 MP: 3/3
   798 | D:1      | Reached * piety under Lugonu
  1118 | D:2      | Reached XP level 3. HP: 32/33 MP: 5/5
  1956 | D:2      | HP: 1/33 [poisoned by an adder]
  2369 | D:3      | Reached XP level 4. HP: 30/40 MP: 6/6
  2484 | D:3      | Noticed anet's ghost (amateur HaWz)
  2498 | D:3      | Killed anet's ghost
  2498 | D:3      | Reached XP level 5. HP: 47/47 MP: 7/7
  2582 | D:3      | Noticed an ice beast
  2604 | D:3      | Killed an ice beast
  2604 | D:3      | Reached XP level 6. HP: 30/55 MP: 7/9
  2638 | D:3      | Found a faded altar of an unknown god.
  2912 | D:3      | Found a runed door.
  2917 | D:3      | Noticed Crazy Yiuf
  2927 | D:3      | Killed Crazy Yiuf
  3703 | D:4      | Found a glowing drain.
  3707 | Sewer    | Entered a sewer
  3708 | Sewer    | Reached skill level 5 in Fighting
  3803 | Sewer    | Reached ** piety under Lugonu
  4100 | Sewer    | Found a burning altar of Makhleb.
  4121 | Sewer    | Reached XP level 7. HP: 17/61 MP: 10/10
  4379 | Sewer    | Reached skill level 5 in Axes
  4430 | Sewer    | Reached skill level 5 in Invocations
  4453 | Sewer    | Noticed Grinder
  4467 | Sewer    | Paralysed by Grinder for 7 turns
  4474 | Sewer    | Slain by Grinder

Vault maps used:
D:1:      tarquinn_simple_flora_water_e, minmay_misc_feat_chi
D:2:      first_ration
D:3:      chequers_ecumenical_altar_island, serial_park_tiny_1, minivault_26,
          uniq_crazy_yiuf_cottage
D:4:      gup_sewer_entry_bowl
Abyss:1:  minivault_1
Abyss:2:  evilmike_abyss_exit_15
Sewer:    kennysheep_sewer_church

Skill      XL: |  1  2  3  4  5  6  7 |
---------------+----------------------+-----
Dodging        | 1 2 |  2.9
Axes           | 3 4 5 |  5.3
Invocations    | 3 4 5 |  5.1
Fighting       | 4 5 |  5.5
Armour         | 3 4 |  4.3

Action                   |  1- 3 |  4- 6 |  7- 9 || total
-------------------------+-------+-------+-------++-------
Melee: Hand axe          |    77 |   199 |    57 ||   333
Invok: Depart the Abyss  |     1 |       |       ||     1
 Abil: Evoke Berserk Rag |     1 |     4 |     1 ||     6
  Use: Potion            |     1 |       |     2 ||     3
 Stab: Sleeping          |     1 |     2 |       ||     3
  Eat: Chunk             |     5 |     9 |       ||    14
       Ration            |       |       |     1 ||     1
Armor: Leather armour    |    25 |    42 |    26 ||    93
Dodge: Dodged            |    49 |   146 |    67 ||   262

Table legend:
 A = Spawn XP
 B = Non-spawn XP
 C = Spawn XP percentage of total XP
 D = Spawn monster count
 E = Non-spawn monster count
 F = Spawn count percentage of total count
 G = Total turns spent on level
                    A         B        C        D         E        F      G
               +---------+---------+-------+---------+---------+-------+---------
         Total |       0 |     920 |   0.0 |       0 |      80 |   0.0 |  4474
               +---------+---------+-------+---------+---------+-------+---------
           D:1 |       0 |      31 |   0.0 |       0 |      10 |   0.0 |   932
           D:2 |       0 |      45 |   0.0 |       0 |      13 |   0.0 |  1305
           D:3 |       0 |     412 |   0.0 |       0 |      22 |   0.0 |  1259
           D:4 |       0 |       8 |   0.0 |       0 |       3 |   0.0 |    84
         Sewer |       0 |     424 |   0.0 |       0 |      32 |   0.0 |   767
               +---------+---------+-------+---------+---------+-------+---------
